WLB
ATLANTA BRAVES @ MIAMI MARLINS
03/31/2024
 
TOP OF THE 1ST
Atlanta Braves batting - Pitching for Miami Marlins : RHP Nick Martinez
Pitching: RHP Nick Martinez
Batting: LHB Kyle Tucker 0-0: Called Strike
0-1: Ball
1-1: Foul Ball, location: 5F
1-2: Ball
2-2: Strikes out looking
Batting: LHB Luis Arraez 0-0: Ball
1-0: Foul Ball, location: 5F
1-1: Ball
2-1: Ball
3-1: Fly out, F8 (Flyball, 78D, EV 111.3 MPH)
Batting: LHB Freddie Freeman 0-0: Called Strike
0-1: Called Strike
0-2: Ball
1-2: SINGLE (Groundball, 6MD, EV 98.8 MPH)
Batting: RHB Austin Riley 0-0: Ball
1-0: Foul Ball, location: 2F
1-1: Ball
2-1: Swinging Strike
2-2: Strikes out looking
Top of the 1st over - 0 runs, 1 hit, 0 errors, 1 left on base; Atlanta 0 - Miami 0
BOTTOM OF THE 1ST
Miami Marlins batting - Pitching for Atlanta Braves : RHP Shane Bieber
Pitching: RHP Shane Bieber
Batting: LHB Andres Gimenez 0-0: Called Strike
0-1: Ball
1-1: Foul Ball, location: 3F
1-2: Ball
2-2: Ball
3-2: Strikes out looking
Batting: RHB Mark Canha 0-0: Called Strike
0-1: Swinging Strike
0-2: Hit by Pitch
Batting: RHB Evan Longoria 0-0: Ball
1-0: Grounds into double play, 6-4-3 (Groundball, 6, EV 98.1 MPH)
Bottom of the 1st over - 0 runs, 0 hits, 0 errors, 0 left on base; Atlanta 0 - Miami 0
TOP OF THE 2ND
Atlanta Braves batting - Pitching for Miami Marlins : RHP Nick Martinez
Batting: SHB Jose Ramirez 0-0: Called Strike
0-1: Fly out, F8 (Line Drive, 8LD, EV 101.3 MPH)
Batting: RHB David Fletcher 0-0: Ball
1-0: Ground out 5-3 (Groundball, 56, EV 89.4 MPH)
Batting: LHB Omar Narvaez 0-0: Called Strike
0-1: Ball
1-1: Swinging Strike
1-2: Fly out, F7 (Flyball, 78D, EV 90.6 MPH)
Top of the 2nd over - 0 runs, 0 hits, 0 errors, 0 left on base; Atlanta 0 - Miami 0
BOTTOM OF THE 2ND
Miami Marlins batting - Pitching for Atlanta Braves : RHP Shane Bieber
Batting: RHB Byron Buxton 0-0: Ball
1-0: Ground out 6-3 (Groundball, 6, EV 91.3 MPH)
Batting: RHB Salvador Perez 0-0: SINGLE (Groundball, 6MD, EV 106.3 MPH)
Batting: RHB Christian Arroyo 0-0: Swinging Strike
0-1: Ball
1-1: Ball
2-1: Foul Ball, location: 9LMF
2-2: Fly out, F9 (Flyball, 89M, EV 93.8 MPH)
Batting: SHB Dylan Carlson 0-0: Ball
1-0: Called Strike
1-1: Ball
2-1: Ball
3-1: Foul Ball, location: 3F
3-2: Ground out U3 (Groundball, 3, EV 92.5 MPH)
Bottom of the 2nd over - 0 runs, 1 hit, 0 errors, 1 left on base; Atlanta 0 - Miami 0
TOP OF THE 3RD
Atlanta Braves batting - Pitching for Miami Marlins : RHP Nick Martinez
Batting: LHB Marcelo Mayer 0-0: Ball
1-0: Called Strike
1-1: Ball
2-1: Ball
3-1: Foul Ball, location: 3F
3-2: Foul Ball, location: 7LDF
3-2: SOLO HOME RUN (Flyball, 89XD, EV 114.4 MPH), Distance : 453 ft
Batting: LHB Jazz Chisholm Jr. 0-0: Swinging Strike
0-1: DOUBLE (Flyball, 89D, EV 103.8 MPH)
Batting: LHB Kyle Tucker 0-0: Called Strike
0-1: Foul Ball, location: 7LDF
0-2: Ball
1-2: Ball
2-2: Strikes out swinging
Batting: LHB Luis Arraez 0-0: Fly out, F7 (Line Drive, 78M, EV 104.4 MPH)
Batting: LHB Freddie Freeman 0-0: Swinging Strike
0-1: DOUBLE (Line Drive, 9LS, EV 101.3 MPH)
Jazz Chisholm Jr. scores
Batting: RHB Austin Riley 0-0: Ball
1-0: Called Strike
1-1: Ball
2-1: Ball
3-1: Foul Ball, location: 2F
3-2: Base on Balls
Batting: SHB Jose Ramirez 0-0: Called Strike
0-1: Ball
1-1: Fly out, F8 (Flyball, 8RD, EV 97.5 MPH)
Top of the 3rd over - 2 runs, 3 hits, 0 errors, 2 left on base; Atlanta 2 - Miami 0
BOTTOM OF THE 3RD
Miami Marlins batting - Pitching for Atlanta Braves : RHP Shane Bieber
Batting: RHB Ty France 0-0: Foul Ball, location: 25F
0-1: Ball
1-1: Foul Ball, location: 5F
1-2: Foul Ball, location: 5F
1-2: Ball
2-2: Strikes out swinging
Batting: RHB Delvin Perez 0-0: Foul Ball, location: 5F
0-1: Swinging Strike
0-2: Foul Ball, location: 2F
0-2: Ball
1-2: Strikes out swinging
Batting: LHB Andres Gimenez 0-0: Fly out, F8 (Flyball, 8RXD, EV 98.1 MPH)
Bottom of the 3rd over - 0 runs, 0 hits, 0 errors, 0 left on base; Atlanta 2 - Miami 0
TOP OF THE 4TH
Atlanta Braves batting - Pitching for Miami Marlins : RHP Nick Martinez
Batting: RHB David Fletcher 0-0: Foul Ball, location: 9LSF
0-1: Ball
1-1: Ball
2-1: Ground out U3 (Groundball, 3, EV 83.1 MPH)
Batting: LHB Omar Narvaez 0-0: Ball
1-0: Foul Ball, location: 2F
1-1: Ground out 4-3 (Groundball, 4, EV 105.6 MPH)
Batting: LHB Marcelo Mayer 0-0: Called Strike
0-1: Foul Ball, location: 2F
0-2: Foul Ball, location: 9LMF
0-2: Ball
1-2: Ball
2-2: Ball
3-2: Ground out 4-3 (Groundball, 4, EV 86.3 MPH)
Top of the 4th over - 0 runs, 0 hits, 0 errors, 0 left on base; Atlanta 2 - Miami 0
BOTTOM OF THE 4TH
Miami Marlins batting - Pitching for Atlanta Braves : RHP Shane Bieber
Batting: RHB Mark Canha 0-0: SINGLE (Popup, 25, EV 89.4 MPH)
Batting: RHB Evan Longoria 0-0: Ball
1-0: Swinging Strike
1-1: Ball
2-1: Foul Ball, location: 3DF
2-2: Grounds into double play, 5-4-3 (Groundball, 15, EV 89.4 MPH)
Batting: RHB Byron Buxton 0-0: Ball
1-0: Foul Ball, location: 9LSF
1-1: Called Strike
1-2: SINGLE (Flyball, 56D, EV 95.6 MPH)
Batting: RHB Salvador Perez 0-0: Ball
1-0: Fly out, F9 (Flyball, 89D, EV 98.1 MPH)
Bottom of the 4th over - 0 runs, 2 hits, 0 errors, 1 left on base; Atlanta 2 - Miami 0
TOP OF THE 5TH
Atlanta Braves batting - Pitching for Miami Marlins : RHP Nick Martinez
Batting: LHB Jazz Chisholm Jr. 0-0: Bunt missed!
0-1: Fly out, F9 (Flyball, 9, EV 93.8 MPH)
Batting: LHB Kyle Tucker 0-0: Ball
1-0: Ball
2-0: Foul Ball, location: 2F
2-1: Foul Ball, location: 7LDF
2-2: Ground out 5-3 (Groundball, 25, EV 85.6 MPH)
Batting: LHB Luis Arraez 0-0: Ball
1-0: Foul Ball, location: 2F
1-1: Ball
2-1: Swinging Strike
2-2: Strikes out swinging
Top of the 5th over - 0 runs, 0 hits, 0 errors, 0 left on base; Atlanta 2 - Miami 0
BOTTOM OF THE 5TH
Miami Marlins batting - Pitching for Atlanta Braves : RHP Shane Bieber
Batting: RHB Christian Arroyo 0-0: Ball
1-0: Ground out 6-3 (Groundball, 6, EV 93.8 MPH)
Batting: SHB Dylan Carlson 0-0: Ball
1-0: Foul Ball, location: 7LDF
1-1: Ball
2-1: Ball
3-1: Swinging Strike
3-2: SINGLE (Line Drive, 4MD, EV 96.3 MPH)
Batting: RHB Ty France 0-0: Called Strike
0-1: Called Strike
0-2: Ball
1-2: Foul Ball, location: 25F
1-2: Ball
2-2: Strikes out looking
Batting: RHB Delvin Perez 0-0: Ball
Pickoff Throw to First - Out! 1-3
Bottom of the 5th over - 0 runs, 1 hit, 0 errors, 0 left on base; Atlanta 2 - Miami 0
TOP OF THE 6TH
Atlanta Braves batting - Pitching for Miami Marlins : RHP Nick Martinez
Pitching: RHP Colin Holderman
Batting: LHB Freddie Freeman 0-0: Foul Ball, location: 2F
0-1: Ball
1-1: Reached on error, E4 (Groundball, 4, EV 85.6 MPH)
Batting: RHB Austin Riley 0-0: Called Strike
0-1: Swinging Strike
0-2: Ball
1-2: Ball
2-2: Fly out, F8 (Flyball, 8RM, EV 96.3 MPH)
Batting: SHB Jose Ramirez 0-0: Ball
1-0: Ball
2-0: Ball
3-0: Base on Balls
Freddie Freeman to second
Batting: RHB David Fletcher 0-0: Ball
1-0: Fly out, F8 (Flyball, 8RM, EV 93.1 MPH)
Pitching: LHP Garrett Cleavinger
Batting: LHB Omar Narvaez 0-0: Ground out 4-3 (Groundball, 4D, EV 102.5 MPH)
Top of the 6th over - 0 runs, 0 hits, 1 error, 2 left on base; Atlanta 2 - Miami 0
BOTTOM OF THE 6TH
Miami Marlins batting - Pitching for Atlanta Braves : RHP Shane Bieber
Batting: RHB Delvin Perez 0-0: Ball
1-0: Swinging Strike
1-1: Called Strike
1-2: Ball
2-2: Strikes out swinging
Batting: LHB Andres Gimenez 0-0: Called Strike
0-1: Swinging Strike
0-2: Strikes out swinging
Batting: RHB Mark Canha 0-0: Called Strike
0-1: Ball
1-1: Called Strike
1-2: SINGLE (Groundball, 56D, EV 99.4 MPH)
Batting: RHB Evan Longoria 0-0: Ball
1-0: Called Strike
1-1: Foul Ball, location: 9LMF
1-2: Strikes out swinging
Bottom of the 6th over - 0 runs, 1 hit, 0 errors, 1 left on base; Atlanta 2 - Miami 0
TOP OF THE 7TH
Atlanta Braves batting - Pitching for Miami Marlins : LHP Garrett Cleavinger
Batting: LHB Marcelo Mayer 0-0: Called Strike
0-1: Ball
1-1: Foul Ball, location: 7LSF
1-2: Ball
2-2: Foul Ball, location: 2F
2-2: Foul Ball, location: 2F
2-2: SOLO HOME RUN (Flyball, 89XD, EV 100.0 MPH), Distance : 406 ft
Batting: LHB Jazz Chisholm Jr. 0-0: Ball
1-0: Ball
2-0: Ball
3-0: Called Strike
3-1: Base on Balls
Batting: LHB Kyle Tucker 0-0: Called Strike
0-1: Grounds into double play, 4-6-3 (Groundball, 4, EV 87.5 MPH)
Batting: LHB Luis Arraez 0-0: Ball
1-0: Ball
2-0: Foul Ball, location: 3FF
2-1: SINGLE (Line Drive, 4MD, EV 63.1 MPH)
Batting: LHB Freddie Freeman 0-0: Swinging Strike
0-1: Ball
1-1: Called Strike
1-2: Foul Ball, location: 3F
1-2: Strikes out looking
Top of the 7th over - 1 run, 2 hits, 0 errors, 1 left on base; Atlanta 3 - Miami 0
BOTTOM OF THE 7TH
Miami Marlins batting - Pitching for Atlanta Braves : RHP Shane Bieber
Batting: RHB Byron Buxton 0-0: Fly out, F8 (Line Drive, 8RS, EV 96.9 MPH)
Batting: RHB Salvador Perez 0-0: Foul Ball, location: 2F
0-1: Swinging Strike
0-2: Strikes out looking
Batting: RHB Christian Arroyo 0-0: Ball
1-0: Ball
2-0: Ball
3-0: Called Strike
3-1: Base on Balls
Batting: SHB Dylan Carlson 0-0: Ball
1-0: Swinging Strike
1-1: Ball
2-1: Foul Ball, location: 2F
2-2: Strikes out swinging
Bottom of the 7th over - 0 runs, 0 hits, 0 errors, 1 left on base; Atlanta 3 - Miami 0
TOP OF THE 8TH
Atlanta Braves batting - Pitching for Miami Marlins : LHP Garrett Cleavinger
Pitching: RHP Ryan Fernandez
Batting: RHB Austin Riley 0-0: Ball
1-0: Ball
2-0: Ground out 6-3 (Groundball, 6, EV 76.9 MPH)
Batting: SHB Jose Ramirez 0-0: Foul Ball, location: 7LSF
0-1: Ball
1-1: Called Strike
1-2: Foul Ball, location: 9LSF
1-2: Foul Ball, location: 23F
1-2: Ball
2-2: Fly out, F8 (Flyball, 8RXD, EV 100.6 MPH)
Batting: RHB David Fletcher 0-0: Called Strike
0-1: Ball
1-1: Ground out 6-3 (Groundball, 6, EV 91.3 MPH)
Top of the 8th over - 0 runs, 0 hits, 0 errors, 0 left on base; Atlanta 3 - Miami 0
BOTTOM OF THE 8TH
Miami Marlins batting - Pitching for Atlanta Braves : RHP Shane Bieber
Batting: RHB Ty France 0-0: Ball
1-0: Ball
2-0: SINGLE (Groundball, 56D, EV 110.6 MPH)
Batting: RHB Delvin Perez 0-0: Called Strike
0-1: Foul Ball, location: 2F
0-2: Fly out, F3 (Line Drive, 3, EV 65.0 MPH)
Lined into DP, U3 (Line Drive, 3, EV 65.0 MPH)
Batting: LHB Andres Gimenez 0-0: Foul Ball, location: 9LMF
0-1: Called Strike
0-2: Strikes out looking
Bottom of the 8th over - 0 runs, 1 hit, 0 errors, 0 left on base; Atlanta 3 - Miami 0
TOP OF THE 9TH
Atlanta Braves batting - Pitching for Miami Marlins : RHP Ryan Fernandez
Batting: LHB Omar Narvaez 0-0: Called Strike
0-1: Called Strike
0-2: SINGLE (Line Drive, 8RS, EV 105.6 MPH)
Batting: LHB Marcelo Mayer 0-0: Ball
1-0: Ball
2-0: Ball
3-0: Called Strike
3-1: Swinging Strike
3-2: Foul Ball, location: 2F
3-2: Base on Balls
Omar Narvaez to second
Batting: LHB Jazz Chisholm Jr. 0-0: Ball
1-0: Fly out, F9 (Flyball, 9LM, EV 95.6 MPH)
Batting: LHB Kyle Tucker 0-0: Called Strike
0-1: Fly out, F3 (Popup, 34S, EV 69.4 MPH)
Batting: LHB Luis Arraez 0-0: Ball
1-0: Called Strike
1-1: SINGLE (Groundball, P, EV 104.4 MPH) (infield hit)
Omar Narvaez to third
Marcelo Mayer to second
Pitching: LHP Drew Rom
Batting: LHB Freddie Freeman 0-0: Foul Ball, location: 2LF
0-1: Swinging Strike
0-2: Strikes out swinging
Top of the 9th over - 0 runs, 2 hits, 0 errors, 3 left on base; Atlanta 3 - Miami 0
BOTTOM OF THE 9TH
Miami Marlins batting - Pitching for Atlanta Braves : RHP Shane Bieber
Pitching: LHP Mason Montgomery
Now in LF: Jarren Duran
Batting: RHB Mark Canha 0-0: SINGLE (Groundball, 15, EV 70.0 MPH) (infield hit)
Batting: RHB Evan Longoria 0-0: Swinging Strike
0-1: Foul Ball, location: 5F
0-2: Foul Ball, location: 2F
0-2: Strikes out looking
Batting: RHB Byron Buxton 0-0: Ball
1-0: Called Strike
1-1: Fly out, F5 (Popup, 5, EV 54.4 MPH)
Batting: RHB Salvador Perez 0-0: Ball
1-0: Called Strike
1-1: Foul Ball, location: 2F
1-2: Foul Ball, location: 9LDF
1-2: Fly out, F6 (Popup, 6M, EV 54.4 MPH)
Bottom of the 9th over - 0 runs, 1 hit, 0 errors, 1 left on base; Atlanta 3 - Miami 0
Thursday, January 25th , 2024 - OOTP Baseball 24.11 Build 85